 Dungeon Crawl Stone Soup version 0.31.0-12-g77e489cdc1 (webtiles) character file.

Game seed: 14582467370866114472

630 James the Caller (level 7, -8/50 HPs)
             Began as a Merfolk Summoner on Feb 18, 2024.
             Was a Follower of Elyvilon.
             Killed by nerve-wracking pain
             ... invoked by an orc priest
              (14 damage)
             ... on level 4 of the Dungeon.
             The game lasted 00:18:17 (5271 turns).

James the Caller (Merfolk Summoner)                 Turns: 5271, Time: 00:18:17

Health: -8/50      AC:  4    Str:  8    XL:     7   Next: 48%
Magic:  10/13      EV: 13    Int: 17    God:    Elyvilon [*.....]
Gold:   340        SH:  0    Dex: 14    Spells: 8/14 levels left

rFire   . . .        b - +1 short sword (venom)
rCold   . . .        (no shield)
rNeg    . . .        f - +0 robe
rPois   .            (no helmet)
rElec   .            (no cloak)
rCorr   .            F - +1 pair of gloves
SInv    .            (no boots)
Will    .....        (no amulet)
Stlth   ++           (no ring)
HPRegen 0.28/turn    (no ring)
MPRegen 0.13/turn

%: no passive effects
@: inugami summoned
A: (nimble swimmer 2), mertail
a: Renounce Religion, Purification


You were on level 4 of the Dungeon.
You worshipped Elyvilon.
Elyvilon was aware of your devotion.
You visited 2 branches of the dungeon, and saw 6 of its levels.

You collected 340 gold pieces.

Inventory:

Hand Weapons
 a - a +1 heavy trident
   (You found it on level 3 of the Dungeon)
 b - a +1 short sword of venom (weapon)
   (You found it on level 2 of the Dungeon)
 m - a +0 sling
   (You found it on level 2 of the Dungeon)
 q - a +2 dagger of venom
   (You took it off a goblin on level 2 of the Dungeon)
 r - a +0 heavy sling
   (You took it off a goblin on level 2 of the Dungeon)
 u - a +0 spear
   (You found it on level 2 of the Dungeon)
 x - a +0 dagger
   (You took it off a goblin on level 1 of the Dungeon)
 z - a +4 scythe
   (You took it off Sigmund on level 4 of the Dungeon)
 D - a +0 halberd
   (You took it off a gnoll on level 3 of the Dungeon)
Missiles
 d - 57 stones
Armour
 c - a +0 leather armour
   (You found it on level 1 of the Dungeon)
 e - a +0 leather armour
   (You found it on level 4 of the Dungeon)
 f - a +0 robe (worn)
 g - a +0 tower shield
   (You found it on level 1 of the Dungeon)
 h - a +0 robe
   (You found it on level 1 of the Dungeon)
 j - a +0 chain mail
   (You found it on level 4 of the Dungeon)
 l - a +0 leather armour
   (You found it on level 2 of the Dungeon)
 p - a +0 robe
   (You took it off Sigmund on level 4 of the Dungeon)
 v - a +0 ring mail
   (You took it off an orc on level 3 of the Dungeon)
 w - a +0 robe
   (You took it off Jessica on level 2 of the Dungeon)
 E - a +0 ring mail
   (You found it on level 3 of the Dungeon)
 F - a +1 pair of gloves (worn)
   (You found it on level 4 of the Dungeon)
Magical Staves
 C - a staff of earth
   (You found it on level 3 of the Dungeon)
Wands
 t - a wand of flame (9)
   (You found it on level 3 of the Dungeon)
Scrolls
 n - 3 scrolls of enchant weapon
Potions
 i - 2 potions of mutation {!q}
 k - a potion of heal wounds {@q2}
 o - 2 potions of magic
 s - 4 potions of curing {@q1}
 A - a potion of might {unknown}
 B - 2 potions of haste {@q3}


   Skills:
 - Level 2.0 Fighting
 + Level 5.9 Polearms
 - Level 3.0 Dodging
 - Level 2.1 Stealth
 - Level 4.0 Spellcasting
 - Level 6.0 Summonings


You had 8 spell levels left.
You knew the following spells:

 Your Spells              Type           Power      Damage    Failure   Level
a - Summon Small Mammal   Summ           92%        N/A       1%          1
c - Call Canine Familiar  Summ           23%        N/A       4%          3
x - Call Imp              Summ           46%        N/A       1%          2

Your spell library contained the following spells:

 Spells                   Type           Power      Damage    Failure   Level
 Summon Ice Beast         Ice/Summ       13%        N/A       14%         3
 Foxfire                  Conj/Fire      12%        2x1d4     16%         1
 Summon Blazeheart Golem  Fire/Summ      13%        N/A       41%         4
 Summon Lightning Spire   Summ/Air       13%        N/A       41%         4
 Hailstorm                Conj/Ice       3%         3d5       43%         3
 Plasma Beam              Fire/Air       1%         2x1d11    100%        6
 Sculpt Simulacrum        Ice/Alch       1%         N/A       100%        6
 Starburst                Conj/Fire      1%         6d3       100%        6


Dungeon Overview and Level Annotations

Branches:
Dungeon (5/15)             Temple (1/1) D:4

Altars:
Ashenzari
Cheibriados
Dithmenos
Elyvilon
Fedhas
Gozag
Hepliaklqana
Makhleb
Nemelex Xobeh
Okawaru
Ru
Uskayaw
Vehumet
Wu Jian
Xom
Zin


Innate Abilities, Weirdness & Mutations

((You are very nimble when in or above water. (Stealth+, EV+, Speed+++)))
Your lower body shifts to a powerful aquatic tail in water.


Message History

The orc priest hits you with a +0 flail.
* * * LOW HITPOINT WARNING * * *
The adder closely misses you.
The orc priest invokes the aid of Beogh against you.
Beogh smites you!
* * * LOW HITPOINT WARNING * * *
The adder barely misses you. The orc priest barely misses you.
The centaur shoots an arrow.
The arrow hits you!
* * * LOW HITPOINT WARNING * * *
The adder barely misses you.
You climb upwards.
You feel less confused.
There is a stone staircase leading down here.
Unknown command.
You feel much better.
The orc priest calls down the wrath of Beogh upon you.
Beogh smites you!
* * * LOW HITPOINT WARNING * * *
The adder bites you but does no damage.
You hit the orc priest.
The orc priest hits you with a +0 flail!
* * * LOW HITPOINT WARNING * * *
The adder bites you but does no damage.
You call for your canine familiar and it appears with a howl!
The adder misses you. The orc priest completely misses you.
Unknown command.
Okay, then.
Unknown command.
You feel much better. The adder bites you but does no damage.
The orc priest hits you with a +0 flail!
* * * LOW HITPOINT WARNING * * *
The adder closely misses you.
Your inugami completely misses the adder.
You barely miss the orc priest.
The orc priest mumbles some strange prayers to Beogh against you.
Beogh smites you!
* * * LOW HITPOINT WARNING * * *
The adder closely misses you.
Your inugami hits the adder.
You hit the orc priest but do no damage.
The orc priest is poisoned.
The orc priest barely misses you. The adder misses you.
Your inugami completely misses the adder.
Unknown command.
You hit the orc priest but do no damage.
The orc priest looks as sick as possible!
The adder bites you.
* * * LOW HITPOINT WARNING * * *
The orc priest calls down the wrath of Beogh upon you.
Pain shoots through your body!
You die...

#........+.........
##.#...####.........
#......# ##.......#
#..###.# ##.....##
#..# #.# ##...## #..#
#.# ##'## #..# #.#
#.# ##..###.# #.#
#.hS@...#### ##.##
#....o.....# ##...##
#.#..#.###.# #.....#
#.#..#.###.####...###
#.#.................#
#.##.#.###.########..
#.##.#.###.# ###
#..........#
############


You could see an orc priest (extremely poisoned), an adder (ally target) and a
friendly inugami (summoned).

Vanquished Creatures
  Sigmund (D:4)
  An ogre (D:4)
  A phantom (D:4)
  A scorpion (D:2)
  A howler monkey (D:4)
  2 iguanas (D:4)
  3 gnolls (D:3)
  3 adders
  An orc (D:3)
  An endoplasm (D:3)
  2 giant cockroaches (D:3)
  6 goblins
  A hobgoblin (D:2)
  2 jackals (D:2)
  2 ball pythons
  3 bats
  A frilled lizard (D:3)
  2 kobolds (D:3)
  2 rats (D:2)
36 creatures vanquished.

Vanquished Creatures (collateral kills)
  Jessica (D:2)
  3 adders
  A ribbon worm (D:2)
  4 ball pythons
  An endoplasm (D:2)
  A giant cockroach (D:1)
  A goblin (D:1)
  A hobgoblin (D:1)
  2 quokkas (D:2)
  A frilled lizard (D:2)
  2 kobolds
  4 rats
  A spectral goblin (D:1)
23 creatures vanquished.

Grand Total: 59 creatures vanquished

Notes
Turn   | Place    | Note
-------+----------+-------------------------------------------
     0 | D:1      | James the Merfolk Summoner began the quest for the Orb.
     0 | D:1      | Reached XP level 1. HP: 13/13 MP: 3/3
   407 | D:1      | Reached XP level 2. HP: 13/20 MP: 0/5
   438 | D:1      | Learned a level 2 spell: Call Imp
   500 | D:1      | Found a faded altar of an unknown god.
   516 | D:1      | Reached skill level 1 in Fighting
   888 | D:2      | Found a shimmering altar of Xom.
   958 | D:2      | Noticed Jessica
  1216 | D:2      | Reached XP level 3. HP: 26/26 MP: 3/6
  1249 | D:2      | Learned a level 3 spell: Call Canine Familiar
  1672 | D:2      | Noticed a scorpion
  1685 | D:2      | Killed a scorpion
  1686 | D:2      | Reached XP level 4. HP: 15/33 MP: 4/8
  1858 | D:2      | Killed Jessica
  1859 | D:2      | Reached XP level 5. HP: 37/38 MP: 5/10
  2107 | D:3      | Reached skill level 5 in Summonings
  2615 | D:3      | Found an iron altar of Okawaru.
  2617 | D:3      | Found an ornate altar of the Wu Jian Council.
  2810 | D:3      | Found a radiant altar of Vehumet.
  3505 | D:3      | Found an iron altar of Okawaru.
  3778 | D:4      | Reached XP level 6. HP: 25/44 MP: 10/12
  3863 | D:4      | Found a staircase to the Ecumenical Temple.
  3871 | Temple   | Entered the Ecumenical Temple
  3888 | Temple   | Became a worshipper of Elyvilon the Healer
  4193 | D:4      | Reached skill level 6 in Summonings
  4193 | D:4      | Reached skill level 1 in Polearms
  4347 | D:4      | Noticed Sigmund
  4360 | D:4      | Killed Sigmund
  4361 | D:4      | Reached XP level 7. HP: 36/50 MP: 10/13
  4505 | D:4      | Reached * piety under Elyvilon
  4512 | D:4      | Reached skill level 5 in Polearms
  5253 | D:5      | Entered Level 5 of the Dungeon
  5263 | D:5      | HP: 2/50 [centaur/arrow (9)]
  5271 | D:4      | Killed from afar by an orc priest

Illustrated notes

Levels and vault maps discovered:
D:1:      wander_arrival_desolate, layout_basic,
          dreamdust_ecumenical_altar_drowned_temple
D:2:      layout_rooms, basic_altar, minmay_stone_trees_medium, uniq_jessica
D:3:      layout_basic, nicolae_overflow_hidden_temple, serial_glass,
          glass_columns_a, glass_columns_c, glass_columns_a, glass_columns_b,
          glass_columns_c, glass_columns_a, dk_vineyard_2, nicolae_titane
D:4:      layout_loops_corners, minmay_temple_entry_gardened_gates,
          minmay_gold_behind_fungi, uniq_sigmund
D:5:      corexii_shack_village, layout_cave_pools, serial_park_tiny_pond,
          guppyfry_shop_venom
Temple:   nicolae_temple_god_jail

Skill      XL: |  1  2  3  4  5  6  7 |
---------------+----------------------+-----
Dodging        | 3 |  3.0
Fighting       | 1 2 |  2.0
Spellcasting   | 3 4 |  4.0
Summonings     | 5 6 |  6.0
Polearms       | 4 5 |  5.9
Stealth        | |  2.1

Action                     |  1- 3 |  4- 6 |  7- 9 || total
---------------------------+-------+-------+-------++-------
  Melee: Dagger            |    41 |       |       ||    41
         Club              |     5 |       |       ||     5
         Punch             |     2 |     2 |       ||     4
         Short sword       |    17 |    80 |    24 ||   121
         Trident           |       |     2 |       ||     2
   Cast: Summon Small Mamm |    16 |     2 |       ||    18
         Call Imp          |    13 |     5 |       ||    18
         Call Canine Famil |       |     5 |     3 ||     8
    Use: Potion            |     1 |       |     2 ||     3
         Scroll            |       |     9 |       ||     9
   Stab: Sleeping          |     1 |     3 |       ||     4
         Distracted        |     1 |     2 |       ||     3
 Armour: Robe              |    41 |    47 |    31 ||   119
  Dodge: Dodged            |    46 |    48 |    26 ||   120
